 Dungeon Crawl Stone Soup version 0.21-a0-476-gd103f4b (webtiles) character file.

15885 Laiders the Basher (level 12, -3/108 HPs)
             Began as a Minotaur Berserker on Nov 22, 2017.
             Was an Elder of Trog.
             Slain by a skeletal warrior
             ... wielding a +0 flail
             ... led by a skeletal warrior
              (4 damage)
             ... on level 12 of the Dungeon.
             The game lasted 00:31:46 (10060 turns).

Laiders the Basher (Minotaur Berserker)            Turns: 10060, Time: 00:31:47

Health: -3/108     AC: 18    Str: 26    XL:     12   Next: 5%
Magic:  13/13      EV: 21    Int:  5    God:    Trog [****..]
Gold:   336        SH:  0    Dex: 10    Spells: 11/11 levels left

rFire    + . .     SeeInvis .   M - +2 flail (crush)
rCold    + + .     Gourm    .   (no shield)
rNeg     . . .     Faith    .   d - +2 scale mail {rC+}
rPois    .         Spirit   .   (helmet restricted)
rElec    .         Reflect  .   y - scarf {rC+ rF+}
rCorr    .         Harm     .   B - +2 pair of gloves
MR       ++...                  A - +1 pair of boots
Stlth    ..........             (no amulet)
HPRegen  1.28/turn              l - +2 ring of protection
MPRegen  0.13/turn              F - +6 ring of evasion

@: berserk cooldown, starving, regenerating, slowed, very slow
A: retaliatory headbutt, horns 2
a: Berserk, Trog's Hand, Brothers in Arms, Burn Spellbooks, Renounce Religion


You were on level 12 of the Dungeon.
You worshipped Trog.
Trog was greatly pleased with you.
You were starving.

You visited 1 branch of the dungeon, and saw 12 of its levels.

You collected 652 gold pieces.
You spent 316 gold pieces at shops.

Inventory:

Hand Weapons
 t - a +1 flail of draining
 M - a +2 flail of crushing (weapon)
 O - a +0 eveningstar
Missiles
 D - a throwing net (quivered)
Armour
 d - a +2 scale mail of cold resistance (worn)
 y - a scarf of resistance (worn)
 A - a +1 pair of boots (worn)
 B - a +2 pair of gloves (worn)
Jewellery
 l - a +2 ring of protection (left hand)
 F - a +6 ring of evasion (right hand)
Wands
 s - a wand of paralysis (52)
 w - a wand of scattershot (7)
 E - a wand of flame (67)
 L - a wand of iceblast (18)
Scrolls
 b - 3 scrolls of teleportation
 f - a scroll of enchant weapon {unknown}
 h - 6 scrolls of remove curse
 n - a scroll of fog
 x - a scroll of magic mapping
 z - 7 scrolls of identify
 G - a scroll of blinking
 H - a scroll of torment {unknown}
 I - a scroll of silence {unknown}
 N - a scroll of fear {unknown}
Potions
 a - a potion of mutation
 e - a potion of ambrosia
 g - 2 potions of flight
 j - a potion of resistance {unknown}
 k - a potion of heal wounds
 o - 4 potions of lignification
 p - 2 potions of berserk rage
 q - a potion of brilliance {unknown}
 r - 5 potions of curing
 u - 4 potions of agility
 v - 2 potions of might {unknown}
 J - a potion of invisibility {unknown}
 Q - a potion of haste {unknown}
Miscellaneous
 K - a phantom mirror
Comestibles
 c - 8 bread rations
 i - 12 royal jellies
 m - 2 meat rations
 C - a fruit
 P - 41 chunks of flesh


   Skills:
 + Level 10.8 Fighting
 - Level 14.0 Maces & Flails
 + Level 10.8 Armour
 - Level 10.4 Dodging
 + Level 3.1 Evocations


You had 11 spell levels left.
You didn't know any spells.

Dungeon Overview and Level Annotations

Branches:
Dungeon (12/15)            Temple (0/1) D:4            Lair (0/6) D:9
    Orc (0/2) D:11

Altars:
Xom
The Shining One

Shops:
D:6 *   D:9 *


Innate Abilities, Weirdness & Mutations

You reflexively headbutt those who attack you in melee.
You have a pair of horns on your head.


Message History

You are no longer berserk.
You are exhausted.
You feel yourself slow down.
Things that are here:
a glaive; a plate armour; a leather armour You fail to use your ability.
The skeletal warrior completely misses you.
The skeletal warrior misses you.
Your two-headed ogre goes berserk!
You are starving!
Trog will no longer gift you weapons.
The skeletal warrior closely misses you.
You furiously retaliate!
You headbutt the skeletal warrior, but do no damage.
The skeletal warrior hits you from afar with a glaive.
* * * LOW HITPOINT WARNING * * *
The skeletal warrior hits you from afar with a glaive!
* * * LOW HITPOINT WARNING * * *
The skeletal warrior hits you with a flail.
You die...

#######........#
.........#####+######
#######..#..........#
#.............#
#.#.##........#
#.#......#'####
#.#..###.#.# #....# #.#O#
# ### ####.# #.#@####.#
..# .. #.#z.....#.#
#.#########.##.zzz......#
...)[().......((....>...#
#....#######.##..........
##......# # #........##
#......# #........#
#....<.# #........#
#..<...# #........#


You could see 4 skeletal warriors and a friendly two-headed ogre (berserk).

Vanquished Creatures
  Azrael (D:12)
  4 two-headed ogres
  The ghost of KristoblXynda the Thrower, a novice TeHu of Okawaru (D:8)
  2 ugly things
  A manticore (D:11)
  A gargoyle (D:11)
  2 trolls
  2 hippogriffs
  4 wraiths (D:11)
  4 fire elementals (D:12)
  Grum (D:9)
  5 yaks (D:12)
  An acid dragon (D:12)
  2 water moccasins
  2 hell hounds (D:12)
  4 ice beasts
  5 orc warriors
  A sky beast (D:5)
  2 black bears (D:12)
  4 wolves (D:9)
  6 ogres
  4 phantoms
  2 necrophages
  6 centaurs
  2 crocodiles (D:11)
  2 big kobolds
  A bullfrog (D:8)
  A gnoll sergeant (D:6)
  2 scorpions
  A water moccasin skeleton (D:11)
  An electric eel (D:6)
  2 howler monkeys
  6 crimson imps
  A bullfrog zombie (D:6)
  4 hounds
  12 orc priests
  4 jellies
  12 orc wizards
  3 bullfrog skeletons
  2 centaur skeletons
  2 iguanas
  6 worker ants
  A killer bee zombie (D:10)
  A hound skeleton (D:9)
  5 gnolls (D:6)
  16 adders
  A shadow imp (D:11)
  6 oozes
  8 dart slugs
  5 leopard geckos
  69 orcs
  A ball python (D:2)
  5 bats
  11 giant cockroaches
  13 hobgoblins
  16 jackals
  19 kobolds
  5 quokkas
  3 frilled lizards
  7 goblins
  2 jackal skeletons (D:6)
  A leopard gecko skeleton (D:6)
  2 leopard gecko zombies
  A quokka skeleton (D:8)
  7 rats
336 creatures vanquished.

Vanquished Creatures (collateral kills)
  Josephine (D:11)
  The ghost of theanonym the Spear-Bearer, a journeyman HOGl of Fedhas (D:10)
  A centaur skeleton (D:11)
  A shadow (D:10)
  A wraith (D:11)
  A hound (D:11)
  An orc priest (D:11)
  2 orc wizards (D:11)
  2 orcs (D:10)
  A jackal (D:11)
12 creatures vanquished.

Vanquished Creatures (others)
  A rat (D:1)
1 creature vanquished.

Grand Total: 349 creatures vanquished

Notes
Turn   | Place    | Note
-------+----------+-------------------------------------------
     0 | D:1      | Laiders the Minotaur Berserker began the quest for the Orb.
     0 | D:1      | Reached XP level 1. HP: 19/19 MP: 0/0
    29 | D:1      | Reached skill level 4 in Maces & Flails
   100 | D:1      | Reached XP level 2. HP: 19/26 MP: 1/1
   323 | D:1      | Reached skill level 5 in Maces & Flails
   482 | D:1      | Reached XP level 3. HP: 31/31 MP: 2/2
   757 | D:2      | Reached ** piety under Trog
   876 | D:2      | Reached XP level 4. HP: 39/39 MP: 3/3
   880 | D:2      | Reached skill level 6 in Maces & Flails
  1346 | D:3      | Noticed a big kobold
  1581 | D:3      | Reached XP level 5. HP: 39/45 MP: 4/4
  1613 | D:3      | Reached skill level 7 in Maces & Flails
  1655 | D:3      | Reached *** piety under Trog
  2106 | D:4      | Reached skill level 8 in Maces & Flails
  2142 | D:4      | Noticed an ogre
  2155 | D:4      | Killed an ogre
  2155 | D:4      | Reached XP level 6. HP: 51/51 MP: 5/5
  2361 | D:4      | Found a staircase to the Ecumenical Temple.
  2390 | D:4      | Reached skill level 9 in Maces & Flails
  2482 | D:4      | Found a glowing golden altar of the Shining One.
  2789 | D:5      | Entered Level 5 of the Dungeon
  2829 | D:5      | Reached XP level 7. HP: 57/57 MP: 6/6
  3064 | D:5      | Reached skill level 10 in Maces & Flails
  3649 | D:6      | Reached skill level 11 in Maces & Flails
  3785 | D:6      | Found Uphept's Assorted Antiques.
  3803 | D:6      | Bought a glowing flail for 188 gold pieces
  3848 | D:6      | Reached XP level 8. HP: 64/64 MP: 7/7
  3960 | D:6      | Reached skill level 12 in Maces & Flails
  4864 | D:7      | Reached **** piety under Trog
  4895 | D:7      | Reached skill level 13 in Maces & Flails
  4970 | D:7      | Noticed a hippogriff
  4983 | D:7      | Killed a hippogriff
  5018 | D:7      | Reached XP level 9. HP: 70/70 MP: 8/8
  5070 | D:7      | Reached skill level 14 in Maces & Flails
  5106 | D:7      | Noticed a troll
  5115 | D:7      | Killed a troll
  5471 | D:8      | Reached skill level 5 in Fighting
  5607 | D:8      | Reached skill level 5 in Armour
  5642 | D:8      | Noticed a two-headed ogre
  5650 | D:8      | Killed a two-headed ogre
  5650 | D:8      | Reached skill level 5 in Dodging
  5833 | D:8      | Noticed KristoblXynda's ghost (novice TeHu)
  5846 | D:8      | Killed KristoblXynda's ghost
  5846 | D:8      | Reached XP level 10. HP: 67/86 MP: 9/9
  6386 | D:8      | Reached ***** piety under Trog
  6635 | D:8      | Found a shimmering altar of Xom.
  6723 | D:9      | Found Vanaag's Changing Room.
  6764 | D:9      | Bought a potion of mutation for 128 gold pieces
  6895 | D:9      | Noticed Grum
  6916 | D:9      | Killed Grum
  6986 | D:9      | Found a staircase to the Lair.
  7413 | D:10     | Entered Level 10 of the Dungeon
  7528 | D:10     | Noticed theanonym's ghost (journeyman HOGl)
  7540 | D:10     | Killed theanonym's ghost
  8211 | D:11     | Noticed a two-headed ogre
  8217 | D:11     | Killed a two-headed ogre
  8217 | D:11     | Reached XP level 11. HP: 80/97 MP: 10/10
  8653 | D:11     | Noticed a green ugly thing
  8659 | D:11     | Killed a green ugly thing
  8672 | D:11     | Noticed a two-headed ogre
  8681 | D:11     | Killed a two-headed ogre
  8711 | D:11     | Reached skill level 10 in Fighting
  8830 | D:11     | Noticed Josephine
  8842 | D:11     | Killed Josephine
  8842 | D:11     | Reached skill level 10 in Armour
  9034 | D:11     | Found a staircase to the Orcish Mines.
  9364 | D:12     | Noticed Azrael
  9385 | D:12     | Killed Azrael
  9385 | D:12     | Reached skill level 10 in Dodging
  9408 | D:12     | Reached skill level 1 in Evocations
  9421 | D:12     | Noticed a brown ugly thing
  9712 | D:12     | Killed a brown ugly thing
  9918 | D:12     | Noticed a two-headed ogre
  9928 | D:12     | Killed a two-headed ogre
  9930 | D:12     | Reached XP level 12. HP: 107/108 MP: 11/13
 10060 | D:12     | HP: 1/108 [skeletal warrior/glaive[a skeletal warrior] (12)]
 10060 | D:12     | Slain by a skeletal warrior

Vault maps used:
D:1:      scummos_arrival_simple_fountains, hangedman_decor_opposing
D:3:      cheibrodos_thug_alley, first_bread, grunt_ministairs_11
D:4:      lemuel_crystal_altar, minmay_temple_entry_overgrown
D:6:      serial_shops, nicolae_shop_statue_plus, kennysheep_pointless_box,
          kennysheep_cross_room, hangedman_decor_push
D:8:      marbit_many_paths, hangedman_little_slice_of_home,
          kennysheep_generic_room_14
D:9:      lair_entry_dummy, nicolae_transmutations_shop, uniq_grum
D:10:     special_room, minmay_misc_feat_hallway
D:11:     orc_0_dummy, minmay_misc_feat_alley, uniq_josephine
D:12:     uniq_azrael

Skill      XL: |  1  2  3  4  5  6  7  8  9 10 11 12 |
---------------+-------------------------------------+-----
Maces & Flails | 4 5 6 8 9 11 13 14 | 14.0
Fighting       | 7 9 10 | 10.8
Armour         | 6 8 10 | 10.8
Dodging        | 5 8 10 | 10.4
Evocations     | 2 3 |  3.1

Action                   |  1- 3 |  4- 6 |  7- 9 | 10-12 || total
-------------------------+-------+-------+-------+-------++-------
Melee: Mace              |    55 |   146 |    43 |       ||   244
       Headbutt          |     8 |    21 |    55 |    79 ||   163
       Flail             |       |       |   202 |   403 ||   605
Invok: Berserk           |       |     2 |     3 |     7 ||    12
       Trog's Hand       |       |     2 |     3 |     7 ||    12
       Brothers in Arms  |       |       |       |     6 ||     6
       Burn Spellbooks   |       |       |       |     1 ||     1
Evoke: Wand              |       |       |       |     2 ||     2
  Use: Scroll            |     5 |     5 |     3 |     7 ||    20
  Eat: Chunk             |       |     9 |    13 |    20 ||    42
       Royal jelly       |       |       |       |     1 ||     1
Armor: Animal skin       |     1 |       |       |       ||     1
       Scale mail        |    35 |    71 |    93 |   107 ||   306
       Chain mail        |       |    11 |       |       ||    11
Dodge: Dodged            |    53 |    93 |   145 |   358 ||   649

Table legend:
 A = Spawn XP
 B = Non-spawn XP
 C = Spawn XP percentage of total XP
 D = Spawn monster count
 E = Non-spawn monster count
 F = Spawn count percentage of total count
 G = Total turns spent on level
                    A         B        C        D         E        F      G
               +---------+---------+-------+---------+---------+-------+---------
         Total |       0 |   22693 |   0.0 |       0 |     348 |   0.0 | 10060
               +---------+---------+-------+---------+---------+-------+---------
           D:1 |       0 |      43 |   0.0 |       0 |      19 |   0.0 |   688
           D:2 |       0 |      78 |   0.0 |       0 |      24 |   0.0 |   540
           D:3 |       0 |     207 |   0.0 |       0 |      39 |   0.0 |   791
           D:4 |       0 |     319 |   0.0 |       0 |      11 |   0.0 |   770
           D:5 |       0 |     376 |   0.0 |       0 |       9 |   0.0 |   773
           D:6 |       0 |    1083 |   0.0 |       0 |      38 |   0.0 |  1270
           D:7 |       0 |    1457 |   0.0 |       0 |      32 |   0.0 |   563
           D:8 |       0 |    3363 |   0.0 |       0 |      41 |   0.0 |  1328
           D:9 |       0 |    1662 |   0.0 |       0 |      21 |   0.0 |   690
          D:10 |       0 |    1616 |   0.0 |       0 |      38 |   0.0 |   760
          D:11 |       0 |    6199 |   0.0 |       0 |      37 |   0.0 |  1443
          D:12 |       0 |    6290 |   0.0 |       0 |      39 |   0.0 |   444
               +---------+---------+-------+---------+---------+-------+---------
